AoeStats
← 大王同学

African Clearing

504537763Analyzed
4v4 RM · 25d ago on Sep 5, 2026· 41m 35s· 8 players
Game mode
Random Map
Map size
Large (8 player)
Population
200
Speed
Normal
Resources
Standard
Victory
Conquest
Starting age
Dark Age
Ending age
Imperial Age
RankedLock teamsTeams togetherTeam positionsShared explorationLock speedFull tech treeHidden civsTurbo modeCheats
Victory
Defeat
🇨🇳 Vietnamese · China
1394
+14
🇨🇳 Poles · China
1352
+16
1331
+17
🇭🇰 Tatars · Hong Kong SAR China
1296
+18
🇹🇼 Spanish · Taiwan
1384
-18
🇮🇳 Mongols · India
1374
-17
🇮🇳 Franks · India
1328
-15
🇩🇪 Romans · Germany
1322
-15
BøM_從小不缺鮑魚
12:08 Feudal Age
12:36 Double-Bit Axe
13:30 Loom
16:42 Gold Mining
18:54 Castle Age
16:59 Horse Collar
18:32 Bloodlines
18:30 Scale Barding Armor
20:05 Bow Saw
24:10 Stone Mining
27:40 Wheelbarrow
29:10 Hand Cart
35:17 Imperial Age
32:58 Husbandry
33:10 Forging
33:09 Heavy Plow
34:07 Gold Shaft Mining
34:36 Chain Barding Armor
35:46 Iron Casting
35:22 Cavalier
36:56 Crop Rotation
37:29 Two-Man Saw
37:43 Blast Furnace
38:28 Plate Barding Armor
38:05 Savar
39:37 Conscription
39:14 Fletching
39:27 Heavy Camel Rider
39:29 Light Cavalry
40:07 Bodkin Arrow
40:19 Thumb Ring
40:28 Hussar
42:16 Stone Shaft Mining
42:43 Chemistry
42:03 Ballistics
SimonGood
12:38 Feudal Age
13:49 Double-Bit Axe
15:07 Loom
17:35 Castle Age
17:12 Horse Collar
17:43 Fletching
23:07 Elite Skirmisher
32:13 Bow Saw
34:05 Bodkin Arrow
34:18 Gold Mining
40:57 Imperial Age
39:06 Wheelbarrow
39:00 Ballistics
39:05 Thumb Ring
39:35 Padded Archer Armor
40:15 Bloodlines
40:06 Husbandry
40:31 Leather Archer Armor
40:26 Treadmill Crane
41:47 Bracer
42:18 Ring Archer Armor
42:52 Chemistry
刀他(她)
6:12 Loom
11:44 Feudal Age
12:25 Double-Bit Axe
12:45 Horse Collar
22:10 Castle Age
21:39 Bloodlines
22:08 Gold Mining
22:26 Light Cavalry
23:07 Husbandry
24:20 Scale Barding Armor
24:25 Forging
24:47 Heavy Plow
25:05 Bow Saw
26:58 Chain Barding Armor
28:03 Wheelbarrow
31:02 Iron Casting
33:16 Stone Mining
36:31 Imperial Age
34:25 Hand Cart
35:27 Masonry
36:44 Winged Hussar
37:40 Town Watch
39:14 Crop Rotation
39:27 Lechitic Legacy
39:28 Conscription
41:55 Blast Furnace
大王同学
12:38 Loom
14:50 Feudal Age
15:36 Double-Bit Axe
18:25 Castle Age
17:57 Fletching
17:50 Horse Collar
19:18 Bow Saw
19:56 Bodkin Arrow
20:54 Wheelbarrow
20:36 Gold Mining
23:33 Padded Archer Armor
25:39 Husbandry
27:41 Ballistics
28:45 Bloodlines
32:37 Heavy Plow
38:14 Imperial Age
36:30 Stone Mining
37:17 Gold Shaft Mining
37:33 Leather Archer Armor
37:31 Masonry
39:25 Ring Archer Armor
38:18 Heavy Cavalry Archer
40:03 Chemistry
39:04 Bracer
39:08 Silk Armor
39:29 Conscription
39:50 Hand Cart
39:22 Town Watch
40:04 Pikeman
40:45 Squires
40:47 Scale Mail Armor
Weary Sigh
9:23 Loom
11:38 Feudal Age
12:10 Double-Bit Axe
13:41 Scale Barding Armor
14:14 Town Watch
15:57 Forging
17:28 Wheelbarrow
17:51 Fletching
20:01 Padded Archer Armor
24:05 Castle Age
25:18 Bow Saw
25:15 Bodkin Arrow
Ragnar Blackmane
9:08 Loom
11:53 Feudal Age
12:29 Town Watch
13:21 Wheelbarrow
17:53 Castle Age
16:46 Double-Bit Axe
16:42 Horse Collar
21:24 Bow Saw
28:16 Pikeman
31:44 Heavy Plow
33:07 Fletching
36:14 Imperial Age
34:55 Scale Barding Armor
35:00 Forging
35:44 Gold Mining
36:18 Scale Mail Armor
36:54 Halberdier
37:48 Bloodlines
J43SMALL
12:30 Feudal Age
16:13 Castle Age
18:12 Town Watch
18:53 Loom
33:32 Fletching
38:10 Bodkin Arrow
Comrades of Kankidiot
14:13 Feudal Age
17:58 Castle Age
17:25 Double-Bit Axe
18:04 Loom
18:55 Gold Mining
21:08 Scale Barding Armor
24:42 Bloodlines
24:39 Horse Collar
25:42 Wheelbarrow
26:17 Chain Barding Armor
28:39 Husbandry
Connection lost

Rejoining the realm…

Still unreachable

The connection could not be restored.

Session expired

The server has moved on; the page needs a fresh start.